 Dungeon Crawl Stone Soup version 0.22-a0-570-g58866f5 (webtiles) character file.

34 theanonym the Skirmisher (level 3, -8/29 HPs)
             Began as a Mummy Chaos Knight on June 30, 2018.
             Mangled by a worm (13 damage)
             ... on level 2 of the Dungeon.
             The game lasted 00:01:11 (977 turns).

theanonym the Skirmisher (Mummy Chaos Knight)        Turns: 977, Time: 00:01:12

Health: -8/29      AC:  6    Str: 16    XL:     3   Next: 14%
Magic:  3/3        EV:  9    Int: 11    God:    Xom [....*.]
Gold:   27         SH:  0    Dex: 11    Spells: 2/2 levels left

rFire    x . .     SeeInvis .   a - +0 mace (chaos)
rCold    + . .     Gourm    .   (no shield)
rNeg     + + +     Faith    .   d - +0 scale mail
rPois    ∞         Spirit   .   (no helmet)
rElec    .         Reflect  .   (no cloak)
rCorr    .         Harm     .   (no gloves)
MR       .....                  (no boots)
Stlth    ..........             (no amulet)
HPRegen  0.09/turn              (no ring)
MPRegen  0.08/turn              (no ring)

@: about to teleport
A: no food or potions, fire vulnerability, cold resistance 1, negative energy
resistance 3, torment resistance, unbreathing
a: Renounce Religion


Innate Abilities, Weirdness & Mutations

You do not eat or drink.
Your flesh is vulnerable to fire.
You are immune to poison.
Your flesh is cold resistant. (rC+)
You are immune to negative energy. (rN+++)
You are immune to unholy pain and torment.
You can survive without breathing.


   Skills:
 + Level 3.4 Fighting
 * Level 3.2 Maces & Flails
 - Level 1.5 Armour
 - Level 0.7 Dodging


You had 2 spell levels left.
You didn't know any spells.
Your spell library was empty.

Skill      XL: |  1  2 |
---------------+-------+-----
Maces & Flails | 3 |  3.2
Fighting       | |  3.4
Armour         | |  1.5
Dodging        | |  0.7

Action                   || total
-------------------------++-------
Melee: Mace              ||   101
  Use: Scroll            ||     1
Armor: Leather armour    ||    21
       Scale mail        ||    31
Dodge: Dodged            ||    62

Inventory:

Hand Weapons
 a - a +0 mace of chaos (weapon)
Armour
 b - a +2 leather armour
 d - a +0 scale mail (worn)
   (You found it on level 1 of the Dungeon)
Scrolls
 e - a scroll of blinking {unknown}
 t - 2 scrolls of teleportation {!r}


You were on level 2 of the Dungeon.
You worshipped Xom.
You were a beloved toy of Xom.
You were not hungry.

You visited 1 branch of the dungeon, and saw 2 of its levels.

You collected 27 gold pieces.

Dungeon Overview and Level Annotations

Branches:
Dungeon (2/15)

Altars:

#.######.# #.#.#
#># #.# #.... #.#
#.# ###.# #.#
#.#.######.. #.#
#.#.#....... #.##
#.#.#.####.# #>.#
#.#......... ##.#
#........... #@#
##.###.####.. #w#
##.#.##.# #..
#.###!###.#.####..
#.##.## ##.†......
#.###.###.........
#.# ##.#.#...####.
#.# ##.....†...#
#.# #...........
#.........##


You could see a worm (berserk).

Notes
Turn   | Place    | Note
-------+----------+-------------------------------------------
     0 | D:1      | theanonym the Mummy Chaos Knight began the quest for the Orb.
     0 | D:1      | Reached XP level 1. HP: 18/18 MP: 1/1
    40 | D:1      | XOM: divination: detect items
    41 | D:1      | XOM: harmless Air miscast
    56 | D:1      | Reached XP level 2. HP: 23/24 MP: 2/2
   197 | D:1      | Reached skill level 3 in Maces & Flails
   322 | D:1      | XOM: divination: detect items
   473 | D:1      | XOM: 3-stop teleportation journey
   509 | D:1      | Reached XP level 3. HP: 17/29 MP: 3/3
   976 | D:2      | HP: 5/29 [worm (12)]
   977 | D:2      | Mangled by a worm

Vanquished Creatures
  2 dart slugs (D:1)
  A giant cockroach (D:1)
  5 goblins
  A hobgoblin (D:1)
  8 jackals (D:1)
  A kobold (D:1)
  A bat (D:2)
  3 frilled lizards (D:1)
  8 rats
30 creatures vanquished.

Table legend:
 A = Turns spent in this place as a percentage of turns spent in the entire game.
 B = Non-inter-level travel turns spent in this place as a percentage of non-inter-level travel turns spent in the entire game.
 C = Inter-level travel turns spent in this place as a percentage of turns spent in this place.
 D = Turns resting spent in this place as a percentage of non-inter-level travel turns spent in this place.
 E = Turns spent auto-exploring this place as a percentage of non-inter-level travel turns spent in this place.
 F = Non-inter-level travel turns spent in this place divided by the number of levels of this place that you've seen.
                   A       B       C       D       E      F
               +-------+-------+-------+-------+-------+----------------------
         Total | 100.0 | 100.0 |   4.3 |  23.4 |  56.8 | 467.5
       Dungeon | 100.0 | 100.0 |   4.3 |  23.4 |  56.8 | 467.5
               +-------+-------+-------+-------+-------+----------------------
